 Dungeon Crawl Stone Soup version 0.31-a0-198-g2ad674f65e (webtiles) character file.

Game seed: 2551049349558217397

9 qw the Shooter (level 2, -1/16 HPs)
             Began as a Deep Elf Hunter on June 25, 2023.
             Slain by a goblin
             ... wielding a +0 dagger
              (3 damage)
             ... on level 1 of the Dungeon.
             The game lasted 00:00:07 (164 turns).

qw the Shooter (Deep Elf Hunter)                     Turns: 164, Time: 00:00:07

Health: -1/16      AC:  3    Str:  8    XL:     2   Next: 3%
Magic:  4/4        EV: 12    Int: 13    God:
Gold:   37         SH:  0    Dex: 18    Spells: 1/1 levels left

rFire   . . .        a - +0 shortbow
rCold   . . .        (shield currently unavailable)
rNeg    . . .        c - +0 leather armour
rPois   .            (no helmet)
rElec   .            (no cloak)
rCorr   .            (no gloves)
SInv    .            (no boots)
Will    .....        (no amulet)
Stlth   ++           (no ring)
HPRegen 0.22/turn    (no ring)
MPRegen 0.09/turn

%: no passive effects
@: no status effects
A: no striking features
a: no special abilities


You were on level 1 of the Dungeon.
You visited 1 branch of the dungeon, and saw 1 of its levels.

You collected 37 gold pieces.


   Skills:
 - Level 1.5 Fighting
 + Level 6.0 Ranged Weapons
 - Level 2.4 Dodging
 - Level 1.2 Stealth


You had one spell level left.
You didn't know any spells.
Your spell library was empty.

Inventory:

Hand Weapons
 a - a +0 shortbow (weapon)
Armour
 c - a +0 leather armour (worn)
 f - a +0 ring mail
Scrolls
 b - a scroll of butterflies
 d - a scroll of poison {unknown}
Potions
 e - 2 potions of enlightenment {unknown}

Dungeon Overview and Level Annotations

Branches:
Dungeon (1/15)

Altars:


Message History

The kobold barely misses you. The goblin completely misses you.
You shoot an arrow. The arrow misses the kobold.
The kobold hits you with a +0 dagger. The goblin misses you.
You shoot an arrow.
The arrow hits the kobold but does no damage.
The kobold is severely wounded.
The kobold hits you with a +0 dagger. The goblin closely misses you.
The rat closely misses you.
You shoot an arrow. The arrow closely misses the kobold.
The goblin hits you with a +0 dagger. The rat barely misses you.
The kobold hits you but does no damage.
You shoot an arrow. The arrow closely misses the kobold.
The kobold barely misses you. The rat closely misses you.
The goblin barely misses you.
You shoot an arrow. The arrow closely misses the kobold.
The goblin hits you with a +0 dagger. The rat bites you.
The kobold hits you with a +0 dagger.
You shoot an arrow. The arrow closely misses the kobold.
The kobold barely misses you. The goblin closely misses you.
The rat bites you but does no damage.
You shoot an arrow. The arrow closely misses the kobold.
The kobold hits you but does no damage. The goblin barely misses you.
The rat barely misses you.
You shoot an arrow. The arrow barely misses the kobold.
The goblin hits you with a +0 dagger. The kobold barely misses you.
The rat closely misses you. x2; The kobold hits you but does no damage.
The goblin barely misses you.
You shoot an arrow. The arrow completely misses the kobold.
The kobold barely misses you. The rat closely misses you.
The goblin hits you with a +0 dagger.
You shoot an arrow. The arrow barely misses the kobold.
The kobold completely misses you. The rat barely misses you.
The goblin hits you but does no damage.
You shoot an arrow. The arrow hits the kobold.
The kobold is severely wounded.
The kobold closely misses you. The goblin barely misses you.
The rat misses you.
You shoot an arrow. The arrow hits the kobold.
You kill the kobold!
The goblin hits you with a +0 dagger.
You die...

....# #>...........#
.....#.#
#............#
..#..#.#
##..........## .
....#.#####...#....##
..
.........#####..###
...##........####..#
..............:#...#
#.....g.....#...#.#
#...@...#...###.#
.....#)r.#.....# #.#
.......#.......# #.#
.......#.......# #.#
....%#...#.....# #.#
...#.......#...# ..
.#.. ........#..#
................
....... ##.


You could see a goblin and a rat.

Vanquished Creatures
  2 endoplasms (D:1)
  A hobgoblin (D:1)
  A quokka (D:1)
  A ball python (D:1)
  A bat (D:1)
  A frilled lizard (D:1)
  2 kobolds (D:1)
  A rat (D:1)
10 creatures vanquished.

Notes
Turn   | Place    | Note
-------+----------+-------------------------------------------
     0 | D:1      | qw the Deep Elf Hunter began the quest for the Orb.
     0 | D:1      | Reached XP level 1. HP: 12/12 MP: 3/3
     0 | D:1      | 0 ||| qw: Version: 0.3-a-22-g0ed2b0b
     0 | D:1      | 0 ||| qw: Game counter: 5296
     0 | D:1      | 0 ||| qw: Melee chars always use a shield: true
     0 | D:1      | 0 ||| qw: God list: Okawaru
     0 | D:1      | 0 ||| qw: Allow faded altars: false
     0 | D:1      | 0 ||| qw: Do Orc after clearing Dungeon:15 true
     0 | D:1      | 0 ||| qw: Do second Lair branch before Depths: true
     0 | D:1      | 0 ||| qw: Lair rune preference: random
     0 | D:1      | 0 ||| qw: Goals: Normal
     0 | D:1      | 0 ||| PLANNING D:1-11
   144 | D:1      | Reached skill level 6 in Ranged Weapons
   144 | D:1      | Reached XP level 2. HP: 16/16 MP: 4/4
   157 | D:1      | HP: 4/16 [kobold/+0 dagger (2)]
   164 | D:1      | Slain by a goblin

Levels and vault maps discovered:
D:1:      nzn_arrival_crosshair, layout_rooms, minmay_misc_feat_more_columns,
          minmay_heptomino_h4

Skill      XL: |  1 |
---------------+----+-----
Ranged Weapons | 6 |  6.0
Fighting       | |  1.5
Dodging        | |  2.4
Stealth        | |  1.2

Action                     || total
---------------------------++-------
   Fire: Shortbow          ||    41
 Armour: Leather armour    ||     7
  Dodge: Dodged            ||    25

Table legend:
 A = Non-vault XP
 B = Vault XP
 C = Vault XP percentage of total XP
 D = Non-vault monster count
 E = Vault monster count
 F = Vault count percentage of total count
                 A         B        C        D         E       F
            +---------+---------+-------+---------+---------+-------
      Total |      14 |       0 |   0.0 |      10 |       0 |   0.0
            +---------+---------+-------+---------+---------+-------
        D:1 |      14 |       0 |   0.0 |      10 |       0 |   0.0
            +---------+---------+-------+---------+---------+-------
